 Dungeon Crawl Stone Soup version 0.26.0-10-g1f06aea511 (webtiles) character file.

Game seed: 12064200415010620768

68 Mandhar the Ruffian (level 4, 0/35 HPs)
             Began as a Draconian Transmuter on Jan 18, 2021.
             Killed by nerve-wracking pain
             ... invoked by Jessica
              (5 damage)
             ... on level 2 of the Dungeon.
             The game lasted 00:14:44 (2141 turns).

Mandhar the Ruffian (Draconian Transmuter)          Turns: 2141, Time: 00:14:44

Health: 0/35       AC:  5    Str: 13 (14) XL:     4   Next: 1%
Magic:  7/7        EV: 12    Int: 13      God:
Gold:   0          SH:  0    Dex: 10 (11) Spells: 4/7 levels left

rFire    . . .     SeeInvis .   p - +0 whip
rCold    . . .     Faith    .   (no shield)
rNeg     . . .     Spirit   .   (armour unavailable)
rPois    .         Reflect  .   (helmet restricted)
rElec    .         Harm     .   (no cloak)
rCorr    .         Rampage  .   (no gloves)
Will     .....                  (no boots)
Stlth    +.........             (no amulet)
HPRegen  0.11/turn              (no ring)
MPRegen  0.10/turn              (no ring)

@: no status effects
A: unfitting armour, cold-blooded, AC +5
a: no special abilities


You were on level 2 of the Dungeon.
You visited 1 branch of the dungeon, and saw 2 of its levels.

Inventory:

Hand Weapons
 b - a +0 dagger
 e - a +0 short sword
 o - a +0 hunting sling
 p - a +0 whip (weapon)
Missiles
 c - 15 poisoned darts
 g - 50 stones
Armour
 a - a +1 helmet
 f - a +0 robe
 h - a +0 leather armour
 n - a +0 ring mail
Scrolls
 j - 3 scrolls of identify
 l - 4 scrolls of teleportation
 m - 2 scrolls of enchant weapon {unknown}
 r - a scroll of fog {unknown}
Potions
 d - a potion of lignification {unknown}
 i - a potion of heal wounds {unknown}
 k - a potion of degeneration
 q - 2 potions of mutation {unknown}


   Skills:
 + Level 1.1 Fighting
 + Level 1.0 Short Blades
 + Level 2.3 Dodging
 + Level 0.3 Stealth
 + Level 3.7 Unarmed Combat
 + Level 2.4 Spellcasting
 + Level 2.2 Transmutations


You had 4 spell levels left.
You knew the following spells:

 Your Spells              Type           Power        Failure   Level
a - Beastly Appendage     Tmut           14%          10%         1
b - Wereblood             Tmut           7%           14%         2

Your spell library contained the following spells:

 Spells                   Type           Power        Failure   Level
 Spider Form              Tmut/Pois      2%           43%         3
 Ice Form                 Ice/Tmut       4%           83%         4
 Blade Hands              Tmut           3%           95%         5


Dungeon Overview and Level Annotations

Branches:
Dungeon (2/15)

Altars:

Annotations:
D:2 Jessica


Innate Abilities, Weirdness & Mutations

Your plain brown scales are hard. (AC +5)
You cannot fit into any form of body armour.
You are cold-blooded and may be slowed by cold attacks.


Message History

You barely miss Jessica. Jessica barely misses you.
You closely miss Jessica. Jessica barely misses you.
You closely miss Jessica. Jessica barely misses you. x2
You closely miss Jessica. Jessica misses you.
You closely miss Jessica.
You tail-slap Jessica, but do no damage.
Jessica casts a spell at you. Pain shoots through your body!
* * * LOW HITPOINT WARNING * * *
Your magical contamination has completely faded away.
Jessica points at you and mumbles some strange words.
Pain shoots through your body!
* * * LOW HITPOINT WARNING * * *
Jessica looks very angry.
Jessica grins evilly.
Jessica points at you and mumbles some strange words.
You resist with some effort. Jessica casts a spell at you.
Pain shoots through your body!
You die...

........#.# #.# #########
........#.# #.# ## ........#.#
#.# #. #######.#.######.## #.
#.#.........# #.
#.#.........##############. ##
#.#........b..h.h........#. .####
#.#.######'#@###########†#. ....#
#.#>......@................ .##.#
#..........#.#######.......
.##.#########...##.# ##......
...................# #......
.......##########..# ##.#+##
.......##########..#### #.#.#
......................######.#.##
.......######................#...
.†.....# #.....<..............


You could see Jessica, a jackal and a bat.

Vanquished Creatures
  An adder (D:2)
  An ooze (D:1)
  A worm (D:2)
  4 dart slugs (D:1)
  A leopard gecko (D:1)
  3 bats
  4 giant cockroaches
  5 goblins (D:1)
  4 hobgoblins
  3 jackals (D:2)
  8 kobolds
  7 rats
42 creatures vanquished.

Notes
Turn   | Place    | Note
-------+----------+-------------------------------------------
     0 | D:1      | Mandhar the Draconian Transmuter began the quest for the
                  | Orb.
     0 | D:1      | Reached XP level 1. HP: 16/16 MP: 3/3
   370 | D:1      | Reached XP level 2. HP: 19/23 MP: 5/5
   374 | D:1      | Learned a level 2 spell: Wereblood
  1104 | D:1      | Reached XP level 3. HP: 28/28 MP: 3/6
  1862 | D:2      | Reached skill level 1 in Short Blades
  2103 | D:2      | Noticed Jessica
  2120 | D:2      | Reached XP level 4. HP: 21/35 MP: 5/7
  2141 | D:2      | Killed from afar by Jessica

Illustrated notes

Levels and vault maps discovered:
D:1:      dpeg_arrival_connections, layout_basic
D:2:      layout_basic, kennysheep_generic_room_11, uniq_jessica, uniq_natasha

Skill      XL: |  1  2  3 |
---------------+----------+-----
Dodging        | 2 |  2.3
Short Blades   | 1 |  1.0
Fighting       | |  1.1
Stealth        | |  0.3
Unarmed Combat | |  3.7
Spellcasting   | |  2.4
Transmutations | |  2.2

Action                   |  1- 3 |  4- 6 || total
-------------------------+-------+-------++-------
Melee: Dagger            |    16 |       ||    16
       Short sword       |    69 |       ||    69
       Unarmed           |     4 |       ||     4
       Tailslap          |    10 |     1 ||    11
       Kick              |     7 |       ||     7
       Headbutt          |     5 |       ||     5
       Whip              |    49 |     6 ||    55
       Punch             |     1 |       ||     1
 Cast: Beastly Appendage |    11 |       ||    11
       Wereblood         |     4 |       ||     4
  Use: Scroll            |     3 |       ||     3
       Potion            |     2 |       ||     2
 Stab: Sleeping          |     1 |       ||     1
Armor: Skin              |    43 |       ||    43
Dodge: Dodged            |   108 |     7 ||   115
